 Dungeon Crawl Stone Soup version 0.30-a0-359-gd0147acb1a (webtiles) character file.

Game seed: 18193544329467250012

179 oldriver the Magician (level 5, -2/39 HPs)
             Began as a Mummy Necromancer on Nov 13, 2022.
             Slain by an iguana (7 damage)
             ... on level 3 of the Dungeon.
             The game lasted 00:02:46 (3420 turns).

oldriver the Magician (Mummy Necromancer)           Turns: 3420, Time: 00:02:46

Health: -2/39      AC:  2    Str: 11    XL:     5   Next: 33%
Magic:  7/13       EV: 12    Int: 16    God:
Gold:   165        SH:  0    Dex: 13    Spells: 7/15 levels left

rFire   x . .      SeeInvis .    (no weapon)
rCold   + . .      Faith    +    (no shield)
rNeg    + + +      Spirit   .    a - +0 robe
rPois   ∞          Reflect  .    (no helmet)
rElec   .          Harm     .    (no cloak)
rCorr   .          Rampage  .    (no gloves)
Will    .....                    (no boots)
Stlth   ++........               (no amulet)
HPRegen 0.26/turn                (no ring)
MPRegen 0.13/turn                (no ring)

@: no status effects
A: cold resistance 1, negative energy resistance 3, torment resistance 2, heat
vulnerability 1, in touch with death 1, no potions, faith
a: no special abilities


You were on level 3 of the Dungeon.
You visited 1 branch of the dungeon, and saw 4 of its levels.

You collected 165 gold pieces.

Inventory:

Armour
 a - a +0 robe (worn)
Jewellery
 c - a +6 ring of intelligence
Scrolls
 b - 3 scrolls of identify {unknown}
 d - 3 scrolls of immolation {unknown}
 e - a scroll of enchant weapon {unknown}


   Skills:
 + Level 2.6 Fighting
 - Level 1.5 Dodging
 - Level 1.5 Stealth
 * Level 5.8 Spellcasting
 - Level 4.0 Necromancy


You had 7 spell levels left.
You knew the following spells:

 Your Spells              Type           Power      Damage    Failure   Level
a - Necrotise             Necr           100%       1d9       2%          1
b - Vampiric Draining     Necr           26%        2d7       9%          3
c - Animate Dead          Necr           26%        N/A       26%         4

Your spell library contained the following spells:

 Spells                   Type           Power      Damage    Failure   Level
 Agony                    Necr           26%        N/A       58%         5
 Malign Gateway           Summ/Tloc      2%         N/A       100%        7
 Summon Horrible Things   Summ           2%         N/A       100%        8


Dungeon Overview and Level Annotations

Branches:
Dungeon (4/15)
 Temple: D:4-7

Altars:
Gozag
Nemelex Xobeh
Wu Jian


Innate Abilities, Weirdness & Mutations

You are immune to poison.
Your flesh is cold resistant. (rC+)
You are immune to negative energy. (rN+++)
You are immune to unholy pain and torment.
You are vulnerable to heat. (rF-)
You are in touch with the powers of death.
You do not drink.
You have a special connection with the divine. (Faith)


Message History

You kill the orc priest!
The dead are walking!
You can't see any susceptible monsters within range! (Use Z to cast anyway.)
You can't see any susceptible monsters within range! (Use Z to cast anyway.)
Your magical contamination has completely faded away.
Your orc priest skeleton crumbles into dust!
Magic restored.
HP restored.
Done exploring.
Done exploring.
Done exploring.
Done exploring.
You climb downwards.
The iguana bites you! x2
There is a stone staircase leading up here.
Unknown command.
The iguana closely misses you. The iguana bites you!
You climb upwards.
There is a stone staircase leading down here.
You are too injured to fight recklessly!
You are too injured to fight recklessly!
Casting: Necrotise (safe; 2% risk of failure)
Confirm with . or Enter, or press ? or * to list all spells.
Aiming: Vampiric Draining (dangerous; 9% risk of failure)
Press: ? - help, Shift-Dir - straight line, f - iguana
Aim: an iguana You feel a surge of power!
You draw life force from the iguana.
You feel life coursing into your body. The iguana bites you!
* * * LOW HITPOINT WARNING * * *
The iguana bites you!
* * * LOW HITPOINT WARNING * * *
Casting: Vampiric Draining (dangerous; 9% risk of failure)
Confirm with . or Enter, or press ? or * to list all spells.
Aiming: Vampiric Draining (dangerous; 9% risk of failure)
Press: ? - help, Shift-Dir - straight line, f/p - iguana
Aim: an iguana (moderately wounded)
You feel a surge of power!
You draw life force from the iguana!
You feel life coursing into your body. The iguana bites you.
* * * LOW HITPOINT WARNING * * *
The iguana bites you!
You die...

#.##.###.#####.#
#...........[..#
########.####### #.#
#.# #.# #.# #####
######.##############
....#
#........l@l........##
##..#
#.###..#########.###.##
#..# #.###...## ##.##
##.## ##..###........#
#.## ##.#
..............## #.#
#.# ##..###....#.##
#.## ##.# ##..#
#.####.# ##.## ##.##
....# #......#
##.###.## ....#
######'## ##)..##


You could see 2 iguanas.

Vanquished Creatures
  An orc priest (D:3)
  8 adders
  2 dart slugs
  7 orcs
  A ball python (D:1)
  9 endoplasms
  7 goblins
  5 hobgoblins
  3 jackals (D:1)
  4 kobolds
  2 quokkas
  3 bats
  3 frilled lizards
  4 rats
59 creatures vanquished.

Vanquished Creatures (collateral kills)
  A ball python (D:1)
  2 kobolds (D:1)
  A frilled lizard (D:1)
4 creatures vanquished.

Grand Total: 63 creatures vanquished

Notes
Turn   | Place    | Note
-------+----------+-------------------------------------------
     0 | D:1      | oldriver the Mummy Necromancer began the quest for the Orb.
     0 | D:1      | Reached XP level 1. HP: 13/13 MP: 4/4
   182 | D:1      | Reached skill level 3 in Spellcasting
   247 | D:1      | Reached XP level 2. HP: 19/20 MP: 1/6
   778 | D:1      | Reached skill level 1 in Fighting
   947 | D:1      | Reached skill level 4 in Spellcasting
   947 | D:1      | Gained mutation: You are in touch with the powers of death.
                  | [Mummy growth]
   947 | D:1      | Reached XP level 3. HP: 26/26 MP: 1/8
  1720 | D:2      | Reached XP level 4. HP: 33/33 MP: 8/10
  2084 | D:3      | Found a sparkling altar of Nemelex Xobeh.
  2228 | D:3      | Reached skill level 5 in Spellcasting
  3060 | D:3      | Found an opulent altar of Gozag.
  3126 | D:3      | Found an ornate altar of the Wu Jian Council.
  3142 | D:3      | Noticed a spectral centipede
  3142 | D:3      | Noticed a spectral black mamba
  3142 | D:3      | Noticed a spectral cane toad
  3153 | D:3      | Learned a level 3 spell: Vampiric Draining
  3158 | D:3      | Learned a level 4 spell: Animate Dead
  3238 | D:4      | Reached XP level 5. HP: 39/39 MP: 9/13
  3420 | D:3      | Slain by an iguana

Illustrated notes

Levels and vault maps discovered:
D:1:      roderic_crossed_star, layout_basic, chequers_decorated_corner,
          minmay_octomino_c4
D:2:      layout_rooms, grunt_ministairs_5
D:3:      layout_loops_corners, pdpol_wu_jian_five_deadly_venoms,
          lemuel_coloured_pillars_altar, nemelex_spade_bored_becter,
          wad_floor_pattern_untrapped
D:4:      layout_gridville, nzn_hepliaklqana_mist_gate,
          gammafunk_temple_overflow_claw, nicolae_dithmenos_the_darkroom

Skill      XL: |  1  2  3  4 |
---------------+-------------+-----
Spellcasting   | 3 4 5 |  5.8
Fighting       | 1 2 |  2.6
Dodging        | |  1.5
Stealth        | |  1.5
Necromancy     | |  4.0

Action                   |  1- 3 |  4- 6 || total
-------------------------+-------+-------++-------
 Cast: Necrotise         |    62 |    63 ||   125
       Vampiric Draining |       |     2 ||     2
Armor: Robe              |     3 |     3 ||     6
Dodge: Dodged            |    11 |    12 ||    23

Table legend: (Time is in decaauts)
 A = Elapsed time spent in this place.
 B = Non-inter-level travel time spent in this place.
 C = Inter-level travel time spent in this place.
 D = Time resting spent in this place.
 E = Time spent auto-exploring this place.
 F = Levels seen in this place.
 G = Mean time per level.
                   A        B        C        D        E       F      G
               +--------+--------+--------+--------+--------+-----+--------+
         Total |   3420 |   3352 |     68 |      0 |   3004 |   4 |  855.0 |
       Dungeon |   3420 |   3352 |     68 |      0 |   3004 |   4 |  855.0 |
               +--------+--------+--------+--------+--------+-----+--------+

Top non-repeatable levels by time:
     D:3: 1353 daAuts
     D:1: 1185 daAuts
     D:2: 723 daAuts
     D:4: 158 daAuts
